 Dungeon Crawl Stone Soup version 0.25.1-2-g60ff931df9 (webtiles) character file.

Game seed: 9439004261060758393

245 pokeman the Magician (level 5, -2/29 HPs)
             Began as a Deep Elf Wizard on Oct 3, 2020.
             Slain by a worker ant (4 damage)
             ... on level 4 of the Dungeon.
             The game lasted 00:08:09 (4351 turns).

pokeman the Magician (Deep Elf Wizard)              Turns: 4351, Time: 00:08:09

Health: -2/29      AC:  2    Str:  4    XL:     5   Next: 84%
Magic:  5/15       EV: 11    Int: 24    God:
Gold:   151        SH:  0    Dex: 13    Spells: 5/16 levels left

rFire    . . .     SeeInvis .   r - +4 dagger
rCold    . . .     Gourm    .   (no shield)
rNeg     . . .     Faith    .   y - +0 leather armour
rPois    .         Spirit   .   b - +0 hat
rElec    .         Reflect  .   z - +0 cloak {MR+}
rCorr    .         Harm     .   o - +0 pair of gloves
MR       +....                  x - +0 pair of boots
Stlth    ++........             (no amulet)
HPRegen  0.09/turn              g - ring of wizardry
MPRegen  0.14/turn              q - -4 ring of protection (curse)

@: lethally poisoned (-2 -> -5), very slightly contaminated
A: no striking features
a: no special abilities


You were on level 4 of the Dungeon.
You were very hungry.

You visited 1 branch of the dungeon, and saw 4 of its levels.

You collected 151 gold pieces.

Inventory:

Hand Weapons
 r - a +4 dagger (weapon)
Armour
 b - a +0 hat (worn)
 o - a +0 pair of gloves (worn)
 p - a +0 buckler
 x - a +0 pair of boots (worn)
 y - a +0 leather armour (worn)
 z - a +0 cloak of magic resistance (worn)
Jewellery
 g - a ring of wizardry (left hand)
 l - a +6 ring of strength
 q - a cursed -4 ring of protection (right hand)
 v - an uncursed ring of resist corrosion
Wands
 s - a wand of iceblast (10)
Scrolls
 e - 2 scrolls of identify {unknown}
 f - a scroll of random uselessness {unknown}
 h - a scroll of fog {unknown}
 j - a scroll of fear {unknown}
 k - a scroll of enchant armour {unknown}
 t - a scroll of remove curse {unknown}
 u - a scroll of teleportation {unknown}
Potions
 a - a potion of lignification {unknown}
 c - 2 potions of heal wounds {unknown}
 i - a potion of ambrosia {unknown}
 m - 2 potions of magic {unknown}
 n - 2 potions of haste {unknown}
 w - 2 potions of brilliance {unknown}
Comestibles
 d - 8 rations


   Skills:
 - Level 1.0 Fighting
 - Level 1.0 Armour
 - Level 2.4 Dodging
 - Level 2.4 Stealth
 - Level 1.0 Shields
 * Level 6.4 Spellcasting
 * Level 3.4 Conjurations
 - Level 1.1 Summonings
 - Level 1.1 Translocations
 + Level 0.0 Fire Magic
 + Level 0.3 Air Magic
 - Level 1.3 Poison Magic
 - Level 1.0 Evocations


You had 5 spell levels left.
You knew the following spells:

 Your Spells              Type           Power        Failure   Level  Hunger
a - Magic Dart            Conj           ###.         1%          1    None
b - Mephitic Cloud        Conj/Pois/Air  ###.....     9%          3    None
c - Call Imp              Summ           ##......     5%          2    None
d - Blink                 Tloc           N/A          5%          2    None
e - Conjure Flame         Conj/Fire      ###.....     9%          3    None

Your spell library contained the following spells:

 Spells                   Type           Power        Failure   Level  Hunger
 Slow                     Hex            #.......     9%          2    None


Dungeon Overview and Level Annotations

Branches:
Dungeon (4/15)
 Temple: D:4-7

Altars:
Ashenzari
Hepliaklqana
Wu Jian


Message History

Confirm with . or Enter, or press ? or * to list all spells.
Aiming: Magic Dart (safe; 1% risk of failure)
Press: ? - help, Shift-Dir - straight line, f/p - worker ant
Aim: a worker ant (severely wounded)
The magic dart hits the worker ant.
The worker ant is almost dead.
The worker ant bites you.
* * * LOW HITPOINT WARNING * * *
The worker ant bites you.
* * * LOW HITPOINT WARNING * * *
Casting: Magic Dart (safe; 1% risk of failure)
Confirm with . or Enter, or press ? or * to list all spells.
Aiming: Magic Dart (safe; 1% risk of failure)
Press: ? - help, Shift-Dir - straight line, f/p - worker ant
Aim: a worker ant (almost dead)
The magic dart hits the worker ant but does no damage.
The worker ant is almost dead.
* * * LOW HITPOINT WARNING * * *
You feel sick. The worker ant bites you.
You die...

##### ####.
#....#+#....#
#....#_#....#
#....###....#
#.........#
#.........###
#....a....#
#@# #....).#
########


You could see a worker ant.

Vanquished Creatures
  Crazy Yiuf (D:3)
  Natasha (thrice) (D:3)
  A hound skeleton (D:3)
  4 adders (D:2)
  2 oozes
  2 worms (D:2)
  A dart slug (D:2)
  A leopard gecko (D:3)
  An orc (D:3)
  A giant cockroach (D:2)
  8 goblins
  9 hobgoblins
  5 jackals
  A quokka (D:2)
  A ball python (D:2)
  7 bats
  6 frilled lizards
  11 kobolds
  8 rats
73 creatures vanquished.

Vanquished Creatures (collateral kills)
  An adder (D:2)
  A giant cockroach (D:2)
  A frilled lizard (D:2)
  2 rats (D:2)
5 creatures vanquished.

Grand Total: 78 creatures vanquished

Notes
Turn   | Place    | Note
-------+----------+-------------------------------------------
     0 | D:1      | pokeman the Deep Elf Wizard began the quest for the Orb.
     0 | D:1      | Reached XP level 1. HP: 10/10 MP: 7/7
   262 | D:1      | Reached XP level 2. HP: 16/16 MP: 5/9
   689 | D:1      | Reached skill level 5 in Spellcasting
  1103 | D:2      | Reached XP level 3. HP: 20/20 MP: 3/11
  1110 | D:1      | Learned a level 3 spell: Mephitic Cloud
  1113 | D:1      | Learned a level 2 spell: Call Imp
  1116 | D:1      | Learned a level 2 spell: Blink
  1120 | D:1      | Learned a level 3 spell: Conjure Flame
  1353 | D:2      | Reached skill level 1 in Fighting
  1422 | D:2      | Reached skill level 1 in Armour
  1591 | D:2      | Reached XP level 4. HP: 25/25 MP: 8/13
  2671 | D:3      | Noticed Natasha
  2677 | D:3      | Killed Natasha
  2809 | D:3      | Reached XP level 5. HP: 29/29 MP: 11/15
  2875 | D:3      | Reached skill level 1 in Shields
  2904 | D:3      | Noticed Natasha
  2912 | D:3      | Killed Natasha
  2912 | D:3      | Reached skill level 6 in Spellcasting
  2912 | D:3      | Reached skill level 1 in Poison Magic
  3120 | D:3      | Noticed Natasha
  3124 | D:3      | Killed Natasha
  3550 | D:3      | Found a runed translucent door.
  3551 | D:3      | Noticed Crazy Yiuf
  3676 | D:3      | Found an ornate altar of the Wu Jian Council.
  3678 | D:3      | Found a hazy altar of Hepliaklqana.
  4035 | D:3      | Killed Crazy Yiuf
  4035 | D:3      | Reached skill level 1 in Evocations
  4340 | D:4      | Found a shattered altar of Ashenzari.
  4351 | D:4      | Slain by a worker ant

Illustrated notes

Levels and vault maps discovered:
D:1:      dpeg_arrival_rooms_c, layout_loops_ring
D:2:      minmay_general_purpose_star, layout_basic, chequers_mini_garden,
          kennysheep_crisscross, minmay_lizard_pond
D:3:      corexii_shack_village, layout_basic, nicolae_overflow_hidden_temple,
          uniq_natasha, uniq_crazy_yiuf_cottage
D:4:      layout_loops_corners, ashenzari_conservatory_becter,
          minmay_temple_entry_ruins, first_ration, serial_shops, shop,
          trog_wizard

Skill      XL: |  1  2  3  4  5 |
---------------+----------------+-----
Spellcasting   | 5 6 |  6.4
Fighting       | 1 |  1.0
Conjurations   | 2 3 |  3.4
Armour         | 1 |  1.0
Shields        | 1 |  1.0
Poison Magic   | 1 |  1.3
Evocations     | 1 |  1.0
Dodging        | |  2.4
Stealth        | |  2.4
Summonings     | |  1.1
Translocations | |  1.1
Air Magic      | |  0.3

Action                   |  1- 3 |  4- 6 || total
-------------------------+-------+-------++-------
Melee: Unarmed           |       |    10 ||    10
       Dagger            |       |     1 ||     1
 Cast: Magic Dart        |    94 |    97 ||   191
       Call Imp          |       |     8 ||     8
       Mephitic Cloud    |       |     2 ||     2
       Conjure Flame     |       |     1 ||     1
 Stab: Sleeping          |       |     1 ||     1
  Eat: Chunk             |     2 |     7 ||     9
Armor: Robe              |     3 |     2 ||     5
       Leather armour    |       |     1 ||     1
Dodge: Dodged            |    18 |    20 ||    38
